 Dungeon Crawl Stone Soup version 0.18-b1-22-ge198996 (webtiles) character file.

42 Hsing the Sneak (level 3, -3/25 HPs)
             Began as an Octopode Assassin on May 4, 2016.
             Slain by Sigmund
             ... wielding a +0 scythe
              (10 damage)
             ... on level 2 of the Dungeon.
             The game lasted 00:04:29 (887 turns).

Hsing the Sneak (Octopode Assassin)                  Turns: 887, Time: 00:04:29

Health: -3/25      AC:  1    Str: 10    XL:     3   Next: 56%
Magic:  2/2        EV: 12    Int: 13    God:
Gold:   49         SH:  0    Dex: 14    Spells: 0 memorised, 2 levels left

rFire  . . .     SeeInvis .     a - +2 dagger
rCold  . . .     Gourm    .     (no shield)
rNeg   . . .     Faith    .     (helmet restricted)
rPois  +         Spirit   .     (no amulet)
rElec  .         Dismiss  .     (no ring)
rCorr  .         Reflect  .     (no ring)
SustAt .         Harm     .     (no ring)
MR     .....                    (no ring)
Stlth  +++++.....               (no ring)
                                (no ring)
                                (no ring)
                                (no ring)

@: not resistant to hostile enchantments, quite stealthy
A: almost no armour, amphibious, 8 rings, constrict 8, camouflage 1, low mp 1,
poison resistance, slow regeneration 1, gelatinous body 1
a: no special abilities


You were on level 2 of the Dungeon.
You were not hungry.

You visited 1 branch of the dungeon, and saw 2 of its levels.

You collected 49 gold pieces.

Inventory:

Hand Weapons
 a - a +2 dagger (weapon)
 b - a +0 blowgun
Missiles
 c - 9 poisoned needles
 d - 2 curare-tipped needles
Scrolls
 e - a scroll of magic mapping {unknown}
 h - 2 scrolls of enchant weapon {unknown}
 i - a scroll of fear {unknown}
 l - a scroll of identify {unknown}
Comestibles
 f - 3 bread rations
 g - a meat ration
 j - a beef jerky


   Skills:
 + Level 2.3 Fighting
 + Level 2.2 Short Blades
 + Level 2.3 Throwing
 + Level 1.2 Dodging
 + Level 6.3 Stealth


You had 2 spell levels left.
You didn't know any spells.

Dungeon Overview and Level Annotations

Branches:
Dungeon (2/15)

Altars:

Annotations:
D:2 Sigmund


Innate Abilities, Weirdness & Mutations

You cannot wear most types of armour.
You are amphibious.
You can wear up to eight rings at the same time.
You can use your tentacles to constrict eight enemies at once.
Your skin changes colour to match your surroundings (Stealth).
Your rubbery body absorbs attacks (AC +1).
Your magical capacity is low (-10% MP).
Your system is resistant to poisons.
You regenerate slowly when monsters are visible.


Message History

Firing (i - inventory. (,) - cycle):
c - 12 poisoned needles (quivered)
Press: ? - help, Shift-Dir - straight line You shoot a poisoned needle.
Firing (i - inventory. (,) - cycle):
c - 11 poisoned needles (quivered)
Press: ? - help, Shift-Dir - straight line You shoot a poisoned needle.
Something barely misses you.
Firing (i - inventory. (,) - cycle):
c - 10 poisoned needles (quivered)
Press: ? - help, Shift-Dir - straight line You shoot a poisoned needle.
Something hits you!
* * * LOW HITPOINT WARNING * * *
Drink which item? (? for menu, Esc to quit)
It was a potion of mutation.
You feel extremely strange.
Your natural regeneration is weakened.
You feel resistant to poisons.
You feel less energetic.
Drink which item? (? for menu, Esc to quit)
It was a potion of curing.
You feel better. Something hits you!
* * * LOW HITPOINT WARNING * * *
a - a +2 dagger (weapon)
Something hits you!
You die...

#.#.###.....)....#####..
##.#.#...#.....#####.....
#......#.#.###.# #.....
#..#.###.#.# #.# #)....
#..#.....#.# #.# #.....
#..#######.# #.# ###...
#..........# #.# #...
.####...##########.# #...
....(.......@...(#.#######...
.#######...#######.#...........
...................###.........
#########............#...........
.....................#.#.........
###.................#.#.........
#.†.........#####(#.#.<...^...
#...........# #(#.#.........
#...........# #(#.#.........


There were no monsters in sight!

Vanquished Creatures
  A gnoll (D:1)
  An adder (D:2)
  A dart slug (D:1)
  2 bats (D:1)
  3 goblins
  2 hobgoblins
  4 jackals (D:1)
  A ball python (D:1)
  A giant newt (D:1)
  5 rats
21 creatures vanquished.

Notes
Turn   | Place    | Note
--------------------------------------------------------------
     0 | D:1      | Hsing the Octopode Assassin began the quest for the Orb.
     0 | D:1      | Reached XP level 1. HP: 14/14 MP: 1/1
    27 | D:1      | Reached XP level 2. HP: 8/19 MP: 2/2
    79 | D:1      | Reached skill level 6 in Stealth
   175 | D:1      | Reached XP level 3. HP: 21/24 MP: 3/3
   863 | D:2      | Noticed Sigmund
   884 | D:2      | Gained mutation: You regenerate slowly when monsters are visible. [potion of mutation]
   884 | D:2      | Gained mutation: Your system is resistant to poisons. [potion of mutation]
   884 | D:2      | Gained mutation: Your magical capacity is low (-10% MP). [potion of mutation]
   887 | D:2      | Slain by Sigmund

Skill      XL: |  1  2 |
---------------+-------+-----
Stealth        | 6 |  6.3
Fighting       | |  2.3
Short Blades   | |  2.2
Throwing       | |  2.3
Dodging        | |  1.2

Action                   || total
-------------------------++-------
Melee: Dagger            ||    28
       Constrict         ||     3
       Tentacles         ||     3
 Fire: Blowgun           ||    24
  Use: Potion            ||     2
 Stab: Sleeping          ||     9
Dodge: Dodged            ||    11
